 Dungeon Crawl Stone Soup version 0.18-a0-1788-g92de1ac (webtiles) character file.

30 Mefis the Magician (level 3, -2/24 HPs)
             Began as a Human Wizard on Apr 19, 2016.
             Slain by an adder (3 damage)
             ... on level 2 of the Dungeon.
             The game lasted 00:08:18 (1364 turns).

Mefis the Magician (Human Wizard)                   Turns: 1364, Time: 00:08:19

Health: -2/24      AC:  2    Str:  7    XL:     3   Next: 37%
Magic:  8/8        EV:  7    Int: 19    God:
Gold:   57         SH:  0    Dex: 11    Spells: 4 memorised, 2 levels left

rFire  . . .     SeeInvis .     g - +0 hand axe
rCold  . . .     Gourm    .     a - +0 robe
rNeg   . . .     Faith    .     (no shield)
rPois  .         Spirit   .     b - +0 hat
rElec  .         Dismiss  .     (no cloak)
rCorr  .         Reflect  .     (no gloves)
SustAt .         Harm     .     (no boots)
MR     .....                    (no amulet)
Stlth  ++........               (no ring)
                                (no ring)

@: lethally poisoned (-2 -> -6), repel missiles, not resistant to hostile
enchantments, unstealthy
A: no striking features
a: no special abilities


You were on level 2 of the Dungeon.
You were not hungry.

You visited 1 branch of the dungeon, and saw 2 of its levels.

You collected 57 gold pieces.

Inventory:

Hand Weapons
 g - a +0 hand axe (weapon)
 h - a +0 hunting sling
Missiles
 k - 20 arrows
 q - 2 poisoned javelins (quivered)
 r - 17 sling bullets
Armour
 a - a +0 robe (worn)
 b - a +0 hat (worn)
Jewellery
 e - an uncursed ring of poison resistance {unknown}
Scrolls
 o - 2 scrolls of enchant armour {unknown}
 p - a scroll of enchant weapon {unknown}
 s - a scroll of immolation {unknown}
Books
 c - a book of Minor Magic

   Spells                             Type                      Level
   a - Magic Dart                     Conjuration                  1
   b - Blink                          Translocation                2
   c - Call Imp                       Summoning                    2
   d - Repel Missiles                 Charms/Air                   2
   e - Slow                           Hexes                        2
   f - Conjure Flame                  Conjuration/Fire             3
   g - Mephitic Cloud                 Conjuration/Poison/Air       3
Comestibles
 d - a bread ration
 f - a slice of pizza
 l - 5 fruits


   Skills:
 + Level 2.1 Dodging
 + Level 2.2 Stealth
 + Level 3.8 Spellcasting
 + Level 1.2 Conjurations
 + Level 1.0 Summonings
 + Level 1.0 Translocations


You had 2 spell levels left.
You knew the following spells:

 Your Spells              Type           Power        Failure   Level  Hunger
a - Magic Dart            Conj           #...         10%         1    None
b - Call Imp              Summ           #.......     17%         2    ##.....
c - Repel Missiles        Chrm/Air       #.....       24%         2    ##.....
d - Blink                 Tloc           N/A          17%         2    ##.....


Dungeon Overview and Level Annotations

Branches:
Dungeon (2/15)

Altars:


Message History

You feel sick. The adder bites you.
* * * LOW HITPOINT WARNING * * *
You are lethally poisoned!
The adder poisons you!
You aren't carrying any potions.
* * * LOW HITPOINT WARNING * * *
You feel sick.
* * * LOW HITPOINT WARNING * * *
You feel sick. The adder barely misses you.
* * * LOW HITPOINT WARNING * * *
You feel sick.
* * * LOW HITPOINT WARNING * * *
You feel sick. The adder bites you but does no damage.
* * * LOW HITPOINT WARNING * * *
You feel sick. The adder closely misses you.
There is a stone staircase leading up here.
* * * LOW HITPOINT WARNING * * *
You feel sick. The adder bites you.
You die...

... # #.# .
#.# . #.# ##.
#.# #.. #..
#.# #..###..
#.#####
#.....?.
#@S...#
#.####..
#####.#
#.####.# #.#
#.#...## #.#
#.#.##.#
#.#####.#.....
#.........####
#####.#.#.#
#...>#.#
##.###.#


You could see an adder.

Vanquished Creatures
  3 dart slugs (D:1)
  3 giant cockroaches (D:1)
  6 goblins (D:1)
  2 hobgoblins (D:1)
  A bat (D:1)
  A giant newt (D:1)
  3 kobolds (D:1)
  4 rats (D:1)
23 creatures vanquished.

Vanquished Creatures (collateral kills)
  A giant newt (D:1)
1 creature vanquished.

Grand Total: 24 creatures vanquished

Notes
Turn   | Place    | Note
--------------------------------------------------------------
     0 | D:1      | Mefis the Human Wizard began the quest for the Orb.
     0 | D:1      | Reached XP level 1. HP: 13/13 MP: 4/4
   496 | D:1      | Reached XP level 2. HP: 19/19 MP: 3/6
   503 | D:1      | Learned a level 2 spell: Call Imp
   506 | D:1      | Learned a level 2 spell: Repel Missiles
   509 | D:1      | Learned a level 2 spell: Blink
   793 | D:1      | Reached XP level 3. HP: 24/24 MP: 6/8
  1364 | D:2      | HP: 1/24 [poisoned by an adder]
  1364 | D:2      | Slain by an adder

Vault maps used:
D:1:      saegor_arrival_simple_a, hangedman_decor_points, dk_noncrumbling_2
D:2:      marbit_many_paths, nicolae_ru_the_path_less_chosen

Action                   || total
-------------------------++-------
Melee: Hand axe          ||    34
Throw: Stone             ||     1
 Cast: Magic Dart        ||    40
       Call Imp          ||     1
       Repel Missiles    ||     1
 Stab: Sleeping          ||     1
  Eat: Chunk             ||     1
Armor: Robe              ||     6
Dodge: Dodged            ||    26
